 Dungeon Crawl Stone Soup version 0.31.0-11-ge490571c62 (webtiles) character file.

Game seed: 1526178436989586678

954 qw the Skirmisher (level 7, -1/40 HPs)
             Began as a Deep Elf Hunter on Feb 4, 2024.
             Slain by Sigmund
             ... wielding a +0 scythe of flaming
              (6 damage)
             ... on level 5 of the Dungeon.
             The game lasted 00:00:12 (3128 turns).

qw the Skirmisher (Deep Elf Hunter)                 Turns: 3128, Time: 00:00:13

Health: -1/40      AC:  6    Str: 10    XL:     7   Next: 91%
Magic:  9/9        EV: 11    Int: 14    God:
Gold:   345        SH:  0    Dex: 18    Spells: 6/6 levels left

rFire   . . .        h - +0 orcbow (heavy)
rCold   . . .        (shield currently unavailable)
rNeg    . . .        a - +0 ring mail
rPois   .            (no helmet)
rElec   .            (no cloak)
rCorr   .            c - +0 pair of gloves
SInv    .            (no boots)
Will    .....        (no amulet)
Stlth   +            (no ring)
HPRegen 0.26/turn    (no ring)
MPRegen 0.11/turn

%: no passive effects
@: no status effects
A: no striking features
a: no special abilities


You were on level 5 of the Dungeon.
You visited 1 branch of the dungeon, and saw 5 of its levels.

You collected 387 gold pieces.
You spent 42 gold pieces at shops.


   Skills:
 - Level 2.3 Fighting
 + Level 11.9 Ranged Weapons
 - Level 1.8 Armour
 - Level 3.2 Dodging
 - Level 1.2 Stealth


You had 6 spell levels left.
You didn't know any spells.
Your spell library was empty.

Inventory:

Hand Weapons
 h - a +0 heavy orcbow (weapon)
Armour
 a - a +0 ring mail (worn)
 c - a +0 pair of gloves (worn)
Jewellery
 j - a ring of protection from fire
Scrolls
 b - a scroll of identify
 g - a scroll of enchant weapon {unknown}
 i - 2 scrolls of teleportation
Potions
 d - a potion of cancellation
 e - a potion of might
 f - a potion of enlightenment {unknown}

Dungeon Overview and Level Annotations

Branches:
Dungeon (5/15)
 Temple: D:4-7

Altars:
Elyvilon
Gozag
Hepliaklqana
Qazlal
Wu Jian

Shops:
D:2 *

Annotations:
D:5 Sigmund


Message History

You start resting.
HP restored.
Things that are here:
a +0 trident; a +0 robe; the orc corpse of Blork the orc You see here a +0 pair of gloves.
You now have 345 gold pieces (gained 8).
Sigmund the Dreaded comes into view.
He is wielding a +0 scythe of flaming.
Sigmund shouts!
Sigmund mumbles some strange words.
Sigmund flickers and vanishes!
Deactivating autopickup; reactivate with Ctrl-A.
You shoot an arrow.
You are confused.
You shoot an arrow.
A hound comes into view.
The hound barks!
A quokka comes into view.
You feel less confused. Something hits you. Something burns you.
You shoot an arrow. The arrow closely misses the hound.
Something hits you. Something burns you.
You shoot an arrow. The arrow barely misses the hound.
The hound bites you. The hound bites you but does no damage.
Something hits you! Something burns you.
You shoot an arrow. The arrow hits the hound!
The hound is almost dead.
The hound bites you but does no damage. The hound misses you.
Something hits you. Something burns you. The hound completely misses you.
You shoot an arrow. The arrow hits the hound!
You kill the hound!
Something hits you but does no damage. The quokka barely misses you.
You shoot an arrow. The arrow completely misses the quokka.
The quokka bites you but does no damage.
Something hits you but does no damage. The quokka closely misses you.
You shoot an arrow. The arrow hits the quokka!
You kill the quokka!
Something hits you! Something burns you.
You shoot an arrow. Something hits you.
You die...

.#####.##
#.....#.. # ..
###.#'#.. ... #
#.+.#.... #.#
.## #.#####..
.. ... ..#
#.#.#.'..
#.###.##..
#####.....###
.....{#.#
..[....%###.#
##.##.%.#
#######.# #.#
...#.#@##
#.###.# .#
...#..# #.....#
..# #.#.##
#####..
#...#...# #..
.#.#.#.########
#..
...#.........
....#
...#.#.########
###.# ##.##...#
#.# ......#.###
#.#


There were no monsters in sight!

Vanquished Creatures
  3 ice beasts (D:5)
  Blork the orc (D:5)
  3 scorpions
  4 wights (D:5)
  A bombardier beetle (D:4)
  2 hounds
  An iguana (D:4)
  An orc wizard (D:4)
  4 adders
  A shadow imp (D:5)
  A ribbon worm (D:3)
  7 orcs
  5 endoplasms
  4 giant cockroaches
  6 goblins
  5 hobgoblins
  4 jackals
  4 quokkas
  4 ball pythons
  4 bats
  3 frilled lizards (D:3)
  6 kobolds
  A rat (D:2)
75 creatures vanquished.

Notes
Turn   | Place    | Note
-------+----------+-------------------------------------------
     0 | D:1      | qw the Deep Elf Hunter began the quest for the Orb.
     0 | D:1      | Reached XP level 1. HP: 12/12 MP: 3/3
     0 | D:1      | 0 ||| qw: Version: 0.3-a-160-g5e54788
     0 | D:1      | 0 ||| qw: Game counter: 4315
     0 | D:1      | 0 ||| qw: Melee chars always use a shield: true
     0 | D:1      | 0 ||| qw: God list: Okawaru
     0 | D:1      | 0 ||| qw: Allow faded altars: false
     0 | D:1      | 0 ||| qw: Do Orc after clearing Dungeon:15 true
     0 | D:1      | 0 ||| qw: Do second Lair branch before Depths: true
     0 | D:1      | 0 ||| qw: Lair rune preference: random
     0 | D:1      | 0 ||| qw: Goals: Normal
     0 | D:1      | 0 ||| PLANNING D:1-11
   192 | D:1      | Reached skill level 6 in Ranged Weapons
   192 | D:1      | Reached XP level 2. HP: 16/16 MP: 4/4
   611 | D:1      | 611 ||| READING scroll labelled LYIDURIAQI.
   611 | D:1      | 611 ||| ENCHANTING +0 shortbow.
   612 | D:1      | 612 ||| DRINKING 2 emerald potions.
   613 | D:1      | 613 ||| DROPPING scroll of butterflies.
   664 | D:2      | Found Bahau's General Store.
   687 | D:2      | 687 ||| SHOPLISTING +4 ring of slaying (1092 gold, have
                  | 137).
   687 | D:2      | 687 ||| BUYING potion of curing (42 gold).
   687 | D:2      | Bought a potion of curing for 42 gold pieces
  1193 | D:2      | Reached XP level 3. HP: 20/20 MP: 5/5
  1320 | D:2      | 1320 ||| DROPPING +6 ring of intelligence.
  1321 | D:2      | 1321 ||| READING scroll labelled XURUSO QIECH.
  1321 | D:2      | 1321 ||| IDENTIFYING clear potion
  1322 | D:2      | 1322 ||| READING 3 scrolls labelled ERUSHA GUPSAE.
  1327 | D:2      | 1327 ||| READING scroll labelled KOMYOD JUOHEC.
  1328 | D:2      | 1328 ||| DRINKING 2 purple potions.
  1329 | D:2      | 1329 ||| DROPPING potion of brilliance.
  1521 | D:3      | Reached skill level 7 in Ranged Weapons
  1523 | D:3      | Found a hazy altar of Hepliaklqana.
  1624 | D:3      | 1624 ||| SWAPPING to +0 orcbow.
  1625 | D:3      | 1625 ||| DROPPING +0 shortbow.
  1848 | D:3      | 1848 ||| UPGRADING to +0 ring mail.
  1858 | D:3      | 1858 ||| DROPPING +0 leather armour.
  1859 | D:3      | 1859 ||| READING 2 scrolls of identify.
  1859 | D:3      | 1859 ||| IDENTIFYING inky potion
  1860 | D:3      | 1860 ||| READING scroll of identify.
  1860 | D:3      | 1860 ||| IDENTIFYING metallic brown potion
  1861 | D:3      | 1861 ||| READING scroll labelled RYILYO NUAZ.
  1862 | D:3      | 1862 ||| DROPPING potion of lignification.
  1891 | D:4      | Reached XP level 4. HP: 16/25 MP: 6/6
  1937 | D:4      | Noticed a scorpion
  1940 | D:4      | Killed a scorpion
  1941 | D:4      | Reached skill level 8 in Ranged Weapons
  1941 | D:4      | Reached XP level 5. HP: 29/29 MP: 7/7
  1968 | D:4      | 1968 ||| DRINKING potion of curing.
  1968 | D:4      | 1968 ||| (to cure confusion)
  1973 | D:4      | 1973 ||| FLEEEEING.
  1974 | D:4      | 1974 ||| FLEEEEING.
  2111 | D:4      | Found an opulent altar of Gozag.
  2117 | D:4      | HP: 6/29 [burnt (7)]
  2118 | D:4      | 2118 ||| READING 3 scrolls of teleportation.
  2119 | D:4      | 2119 ||| DRINKING potion of heal wounds.
  2206 | D:4      | Reached skill level 9 in Ranged Weapons
  2240 | D:4      | 2240 ||| FLEEEEING.
  2241 | D:4      | 2241 ||| FLEEEEING.
  2242 | D:4      | 2242 ||| FLEEEEING.
  2363 | D:4      | Found an ornate altar of the Wu Jian Council.
  2371 | D:4      | Found a stormy altar of Qazlal.
  2394 | D:4      | Reached XP level 6. HP: 35/35 MP: 8/8
  2397 | D:4      | Found a white marble altar of Elyvilon.
  2504 | D:4      | 2504 ||| UPGRADING to +0 pair of gloves.
  2509 | D:4      | 2509 ||| DROPPING scarf of invisibility.
  2510 | D:4      | 2510 ||| READING 2 scrolls of identify.
  2510 | D:4      | 2510 ||| IDENTIFYING scroll labelled CEOCWU WUAMP
  2511 | D:4      | 2511 ||| READING scroll of brand weapon.
  2511 | D:4      | 2511 ||| BRANDING +0 orcbow.
  2528 | D:5      | Entered Level 5 of the Dungeon
  2540 | D:5      | 2540 ||| RETREEEEATING.
  2543 | D:5      | Reached skill level 10 in Ranged Weapons
  2544 | D:5      | HP: 6/34 [wight/+3 dagger (3)]
  2545 | D:5      | 2545 ||| READING 2 scrolls of teleportation.
  2547 | D:5      | Reached skill level 3 in Dodging
  2791 | D:5      | Noticed an ice beast
  2794 | D:5      | Killed an ice beast
  2795 | D:5      | Reached skill level 1 in Armour
  2795 | D:5      | Reached XP level 7. HP: 40/40 MP: 9/9
  2994 | D:5      | Reached skill level 11 in Ranged Weapons
  3050 | D:5      | Noticed Blork the orc
  3052 | D:5      | Killed Blork the orc
  3115 | D:5      | Noticed Sigmund
  3127 | D:5      | HP: 8/40 [something (7)]
  3128 | D:5      | Slain by Sigmund

Levels and vault maps discovered:
D:1:      lemuel_arrival_broad_hall, layout_basic
D:2:      layout_basic, serial_shops, shop_coins, grunt_ministairs_15
D:3:      layout_rooms, worldfamousw_hep_ancestral_shrine,
          kennysheep_generic_room_12
D:4:      layout_rooms, amethyst_overflow_temple_binary,
          mainiacjoe_overflow_big_doors
D:5:      nicolae_cairo_tiling_large, layout_loops_ring,
          minmay_temple_entry_grid, nicolae_concentric_dashed_squares_mild,
          minmay_misc_feat_cross, st_stairs_14, kennysheep_generic_room_9,
          uniq_blork_the_orc, uniq_sigmund

Skill      XL: |  1  2  3  4  5  6  7 |
---------------+----------------------+-----
Ranged Weapons | 6 7 8 9 10 11 | 11.9
Fighting       | 2 |  2.3
Dodging        | 3 |  3.2
Armour         | 1 |  1.8
Stealth        | |  1.2

Action                     |  1- 3 |  4- 6 |  7- 9 || total
---------------------------+-------+-------+-------++-------
   Fire: Shortbow          |   111 |       |       ||   111
         Orcbow            |    11 |    81 |    32 ||   124
    Use: Scroll            |     7 |     4 |       ||    11
         Potion            |     2 |     2 |       ||     4
 Armour: Leather armour    |    20 |       |       ||    20
         Ring mail         |     2 |    28 |    22 ||    52
  Dodge: Dodged            |    35 |    16 |    14 ||    65

Table legend:
 A = Non-vault XP
 B = Vault XP
 C = Vault XP percentage of total XP
 D = Non-vault monster count
 E = Vault monster count
 F = Vault count percentage of total count
                 A         B        C        D         E       F
            +---------+---------+-------+---------+---------+-------
      Total |    1214 |     150 |  11.0 |      67 |       8 |  10.7
            +---------+---------+-------+---------+---------+-------
        D:1 |      19 |       0 |   0.0 |      11 |       0 |   0.0
        D:2 |      16 |       6 |  27.3 |      11 |       3 |  21.4
        D:3 |      44 |       2 |   4.3 |      11 |       1 |   8.3
        D:4 |     293 |       0 |   0.0 |      24 |       0 |   0.0
        D:5 |     842 |     142 |  14.4 |      10 |       4 |  28.6
            +---------+---------+-------+---------+---------+-------
